 Dungeon Crawl Stone Soup version 0.28-b1-70-g80dc712255 (webtiles) character file.

Game seed: 12374664510751646444

71 adizb the Skirmisher (level 4, -9/37 HPs)
             Began as a Palentonga Fighter on Feb 3, 2022.
             Was a Follower of Kikubaaqudgha.
             Killed by divine providence
             ... invoked by an orc priest
              (12 damage)
             ... on level 3 of the Dungeon.
             The game lasted 00:09:58 (1349 turns).

adizb the Skirmisher (Palentonga Fighter)           Turns: 1349, Time: 00:09:58

Health: -9/37      AC: 10    Str: 21    XL:     4   Next: 5%
Magic:  4/4        EV:  8    Int:  9    God:    Kikubaaqudgha [*.....]
Gold:   121        SH:  0    Dex:  9    Spells: 4/4 levels left

rFire   . . .      SeeInvis +   a - +0 long sword
rCold   . . .      Faith    .   c - +0 buckler
rNeg    . . .      Spirit   .   j - +0 ring mail
rPois   .          Reflect  .   (no helmet)
rElec   .          Harm     .   (no cloak)
rCorr   .          Rampage  .   (no gloves)
Will    .....                   (no barding)
Stlth   ..........              (no amulet)
HPRegen 0.12/turn               m - +4 ring of protection
MPRegen 0.09/turn               (no ring)

@: confused, lethally poisoned (-9 -> -17)
A: large, rugged brown scales 3, see invisible, deformed body, roll 1, armoured
tail
a: Rolling Charge, Renounce Religion, Receive Corpses


You were on level 3 of the Dungeon.
You worshipped Kikubaaqudgha.
Kikubaaqudgha was aware of your devotion.
You visited 1 branch of the dungeon, and saw 3 of its levels.

You collected 121 gold pieces.

Inventory:

Hand Weapons
 a - a +0 long sword (weapon)
Armour
 c - a +0 buckler (worn)
 j - a +0 ring mail (worn)
Jewellery
 m - a +4 ring of protection (left hand)
Scrolls
 b - a scroll of torment {unknown}
 e - a scroll of holy word {unknown}
 g - a scroll of fog {unknown}
 h - a scroll of teleportation {unknown}
 i - a scroll of enchant weapon {unknown}
 k - 3 scrolls of identify {unknown}
Potions
 d - a potion of might
 f - a potion of haste {unknown}
 l - a potion of brilliance {unknown}


   Skills:
 + Level 3.4 Fighting
 * Level 2.7 Long Blades
 + Level 2.8 Armour
 + Level 2.8 Shields
 - Level 0.6 Spellcasting
 - Level 0.6 Necromancy


You had 4 spell levels left.
You didn't know any spells.
Your spell library contained the following spells:

 Spells                   Type           Power      Damage    Failure   Level
 Animate Skeleton         Necr           2%         N/A       52%         1
 Corpse Rot               Necr/Air       0%         N/A       71%         2
 Vampiric Draining        Necr           1%         2d6       87%         3
 Agony                    Necr           1%         N/A       100%        5


Dungeon Overview and Level Annotations

Branches:
Dungeon (3/15)

Altars:
Kikubaaqudgha
Ru

Shops:
D:1 =


Innate Abilities, Weirdness & Mutations

You are completely covered in rugged brown scales. (AC +3, +7% HP)
You have supernaturally acute eyesight. (SInv)
Armour fits poorly on your strangely shaped body.
You can roll at nearby foes to attack.
You have a long armoured tail.


Message History

Roll where?
Press: ? - help, Dir - move target, f - orc
Aim: an orc, wielding a +0 whip of venom and wearing a +0 leather armour You roll forward with a clatter of scales!
You closely miss the orc.
You hear a shout!
You hear an angry hiss.
The orc hits you with a +0 whip of venom.
You are poisoned.
An orc comes into view. It is wielding a +0 short sword.
Roll where?
Press: ? - help, Dir - move target, f - orc priest, p - orc
Aim: an orc priest, wielding a +1 hand axe of freezing You roll forward with a clatter of scales!
An adder comes into view.
You barely miss the orc priest.
You feel very sick.
The adder hisses angrily.
You block the orc priest's attack.
The orc priest hits you but does no damage.
You hit the orc priest.
The orc priest is lightly wounded.
You feel very sick. You block the orc's attack.
The orc wizard gestures at you while chanting.
You are confused.
The orc priest miscasts a cantrip.
You feel sick.
The orc hits you with a +0 whip of venom.
You are more poisoned.
You feel very sick.
The orc priest mumbles some strange prayers to Beogh against you.
Beogh smites you!
* * * LOW HITPOINT WARNING * * *
The orc wizard barely misses you.
* * * LOW HITPOINT WARNING * * *
You feel sick. The orc closely misses you.
The orc priest calls down the wrath of Beogh upon you.
Beogh smites you!
You die...
Kikubaaqudgha rasps: "You have failed me!
Welcome... death!"

#.. #. ###. .. ###.. ...
#. #.... ..# ##'##
#.##.##.# # ##...##
#.##.##†# # ##...So##
#.##..#.# #
##....oo.###.##..#.### #
#......o..##[........####
+.......@.'..............
#.........###....###.####
##.......## #.#..# #.# #
##.....## #.#..# #.# #
##...## #.#.####.# # ##+#
#........# # ###.######
#.# #.#


You could see an orc priest, an orc wizard, an adder and 2 orcs.

Vanquished Creatures
  3 adders (D:2)
  A gnoll (D:1)
  A dart slug (D:3)
  A bat (D:1)
  An endoplasm (D:2)
  5 goblins
  4 hobgoblins
  2 jackals (D:1)
  2 quokkas (D:1)
  4 ball pythons
  5 kobolds
  2 rats (D:1)
31 creatures vanquished.

Notes
Turn   | Place    | Note
-------+----------+-------------------------------------------
     0 | D:1      | adizb the Palentonga Fighter began the quest for the Orb.
     0 | D:1      | Reached XP level 1. HP: 19/19 MP: 1/1
   258 | D:1      | Found Bepeuck's Jewellery Shop.
   338 | D:1      | Reached XP level 2. HP: 25/25 MP: 2/2
   342 | D:1      | Found a faded altar of an unknown god.
   392 | D:1      | Prayed at the altar of an unknown god.
   392 | D:1      | Became a worshipper of Kikubaaqudgha
   392 | D:1      | Reached * piety under Kikubaaqudgha
   392 | D:1      | Received a gift from Kikubaaqudgha
   630 | D:2      | Reached XP level 3. HP: 27/31 MP: 3/3
   859 | D:2      | Found a sacrificial altar of Ru.
  1287 | D:3      | Reached XP level 4. HP: 34/37 MP: 4/4
  1349 | D:3      | Killed from afar by an orc priest

Illustrated notes

Levels and vault maps discovered:
D:1:      minmay_arrival_checkered_box, layout_loops_cross, serial_shops,
          nicolae_shop_statue_plus, hellmonk_ecumenical_altar_dog_temple,
          minmay_3d_cube
D:2:      layout_basic, basic_altar
D:3:      layout_loops_corners, makhleb_altar_promises_db,
          nicolae_elevator_lobby_asterisk

Action                   |  1- 3 |  4- 6 || total
-------------------------+-------+-------++-------
Melee: Long sword        |    79 |     5 ||    84
       Tailslap          |     6 |       ||     6
 Abil: Rolling Charge    |    24 |     3 ||    27
Armor: Scale mail        |     5 |       ||     5
       Ring mail         |    43 |     1 ||    44
Dodge: Dodged            |    33 |     2 ||    35
Block: Buckler           |    15 |     2 ||    17
